 Dungeon Crawl Stone Soup version 0.27-a0-1140-g099f9bb0e8 (webtiles) character file.

Game seed: 5007162240813087543

118 MontyOnTheRun the Skirmisher (level 5, -9/33 HPs)
             Began as a Gargoyle Fighter on May 9, 2021.
             Killed by an exploding ogre (20 damage)
             ... ignited by their inner flame
             ... on level 4 of the Dungeon.
             The game lasted 00:11:39 (3213 turns).

MontyOnTheRun the Skirmisher (Gargoyle Fighter)     Turns: 3213, Time: 00:11:45

Health: -9/33      AC: 11    Str: 21    XL:     5   Next: 2%
Magic:  5/5        EV:  9    Int:  8    God:
Gold:   68         SH: 10    Dex: 15    Spells: 4/4 levels left

rFire    . . .     SeeInvis .   a - +0 flail
rCold    . . .     Faith    .   c - +0 kite shield
rNeg     + . .     Spirit   .   q - +2 animal skin
rPois    ∞         Reflect  .   r - +0 helmet
rElec    +         Harm     .   (no cloak)
rCorr    .         Rampage  .   o - +0 pair of gloves
Will     .....                  f - +0 pair of boots
Stlth    ++........             (no amulet)
HPRegen  0.11/turn              i - +6 ring of dexterity
MPRegen  0.09/turn              (no ring)

@: no status effects
A: sickness immunity, AC +4, negative energy resistance 1, electricity
resistance, torment resistance 1, unbreathing 1, petrification resistance
a: no special abilities


You were on level 4 of the Dungeon.
You visited 1 branch of the dungeon, and saw 4 of its levels.

You collected 68 gold pieces.

Inventory:

Hand Weapons
 a - a +0 flail (weapon)
Armour
 b - a +1 scale mail
 c - a +0 kite shield (worn)
 f - a +0 pair of boots (worn)
 o - a +0 pair of gloves (worn)
 q - a +2 animal skin (worn)
 r - a +0 helmet (worn)
Jewellery
 i - a +6 ring of dexterity (left hand)
 t - a ring of wizardry
Scrolls
 h - a scroll of fog {unknown}
 j - 2 scrolls of noise {unknown}
 m - a scroll of brand weapon {unknown}
 n - 3 scrolls of identify {unknown}
Potions
 d - a potion of might
 e - 2 potions of heal wounds {unknown}
 k - a potion of resistance {unknown}
 l - a potion of attraction {unknown}
 p - a potion of curing {unknown}
 s - a potion of haste {unknown}


   Skills:
 + Level 4.0 Fighting
 + Level 3.1 Maces & Flails
 + Level 3.8 Armour
 + Level 0.3 Dodging
 + Level 1.1 Stealth
 + Level 4.0 Shields


You had 4 spell levels left.
You didn't know any spells.
Your spell library was empty.

Dungeon Overview and Level Annotations

Branches:
Dungeon (3/15)

Altars:
Cheibriados
Gozag
Nemelex Xobeh
Uskayaw

Shops:
D:1 (


Innate Abilities, Weirdness & Mutations

You are immune to sickness and miasma.
Your stone body is resilient. (AC +4)
You are immune to poison.
You resist negative energy. (rN+)
You are resistant to electric shocks. (rElec)
You are resistant to unholy torment.
You can survive without breathing.
You are immune to petrification.


Message History

You kill the ball python!
n - 3 scrolls labelled RERAMY VEUDI (gained 2)
t - a ring of wizardry You open the door.
There is an open door here.
You open the door.
There is an open door here.
A giant cockroach comes into view.
You hit the giant cockroach.
The giant cockroach is heavily wounded.
The giant cockroach bites you but does no damage.
You block the giant cockroach's attack.
You barely miss the giant cockroach.
The giant cockroach is heavily wounded.
You block the giant cockroach's attack.
You completely miss the giant cockroach.
The giant cockroach is heavily wounded.
The giant cockroach bites you but does no damage.
You block the giant cockroach's attack.
You hit the giant cockroach.
You kill the giant cockroach!
You see here a giant cockroach corpse.
An ogre comes into view. It is wielding a +0 giant club.
As you read the scroll labelled HOEXOH RURHOOPN, it crumbles to dust.
The creatures around you are filled with an inner flame!
It was a scroll of immolation.
The ogre hits you with a +0 giant club!!
Ouch! That really hurt!
You barely miss the ogre. The ogre barely misses you.
You hit the ogre.
Flame seeps out of the ogre.
The ogre is lightly wounded.
The ogre is engulfed in blazing flames.
Flame seeps out of the ogre.
The ogre hits you with a +0 giant club.
You hit the ogre.
Flame seeps out of the ogre.
The ogre is almost dead.
The ogre is engulfed in blazing flames.
The ogre explodes!
The fiery explosion engulfs you!!
Ouch! That really hurt!
You die...

#.# #.# #.#
#.# #.# #.#
#.# #.# #.#
#.#########.##
#....§°@.....#
##############


There were no monsters in sight!

Vanquished Creatures
  An ogre (D:4)
  A jelly (D:4)
  Robin (D:3)
  A worm (D:2)
  2 dart slugs (D:1)
  An orc (D:4)
  5 bats
  6 endoplasms
  4 giant cockroaches
  11 goblins
  13 hobgoblins
  2 quokkas (D:1)
  5 ball pythons
  3 frilled lizards
  5 kobolds
  3 rats
64 creatures vanquished.

Vanquished Creatures (others)
  A fungus (D:1)
  A plant (D:1)
2 creatures vanquished.

Grand Total: 66 creatures vanquished

Notes
Turn   | Place    | Note
-------+----------+-------------------------------------------
     0 | D:1      | MontyOnTheRun the Gargoyle Fighter began the quest for the
                  | Orb.
     0 | D:1      | Reached XP level 1. HP: 14/14 MP: 1/1
    40 | D:1      | Found Weismiaf's Weapon Emporium.
    65 | D:1      | Reached XP level 2. HP: 1/19 MP: 2/2
   745 | D:1      | Found a faded altar of an unknown god.
   752 | D:1      | Reached XP level 3. HP: 10/24 MP: 3/3
  1714 | D:2      | Found a snail-covered altar of Cheibriados.
  2300 | D:3      | Found a hide-covered altar of Uskayaw.
  2304 | D:3      | Noticed a +0 hand axe
  2304 | D:3      | Noticed a +0 dagger
  2399 | D:3      | Found an opulent altar of Gozag.
  2399 | D:3      | Found a sparkling altar of Nemelex Xobeh.
  2554 | D:3      | Reached skill level 1 in Stealth
  2588 | D:3      | Noticed Robin
  2597 | D:3      | Reached XP level 4. HP: 26/29 MP: 4/4
  2605 | D:3      | Killed Robin
  3003 | D:3      | You fall into a shaft and drop 1 floor!
  3035 | D:4      | Reached XP level 5. HP: 21/33 MP: 5/5
  3205 | D:4      | Noticed an ogre
  3213 | D:4      | Killed an ogre
  3213 | D:4      | Killed by an exploding ogre... ignited by their inner flame

Illustrated notes

Levels and vault maps discovered:
D:1:      lemuel_arrival_muddy, layout_basic, serial_shops, shop,
          hellmonk_ecumenical_altar_pennies_from_heaven, minmay_hedge_maze,
          minmay_tromino_v2
D:2:      layout_loops_ring, basic_altar
D:3:      cheibrodos_old_hovel, layout_loops_cross,
          grunt_temple_overflow_opulence, dancing_weapons_uskayaw, uniq_robin
D:4:      layout_basic

Skill      XL: |  1  2  3  4 |
---------------+-------------+-----
Stealth        | 1 |  1.1
Fighting       | 4 |  4.0
Maces & Flails | 3 |  3.1
Shields        | 4 |  4.0
Armour         | |  3.8
Dodging        | |  0.3

Action                   |  1- 3 |  4- 6 || total
-------------------------+-------+-------++-------
Melee: Flail             |   133 |    55 ||   188
  Use: Scroll            |     2 |     1 ||     3
 Stab: Sleeping          |       |     1 ||     1
Armor: Scale mail        |    84 |    19 ||   103
       Animal skin       |       |    11 ||    11
Dodge: Dodged            |    37 |    22 ||    59
Block: Kite shield       |    73 |    37 ||   110

Table legend: (Time is in decaauts)
 A = Elapsed time spent in this place.
 B = Non-inter-level travel time spent in this place.
 C = Inter-level travel time spent in this place.
 D = Time resting spent in this place.
 E = Time spent auto-exploring this place.
 F = Levels seen in this place.
 G = Mean time per level.
                   A        B        C        D        E       F      G
               +--------+--------+--------+--------+--------+-----+--------+
         Total |   3307 |   2805 |    502 |    584 |   1708 |   4 |  826.8 |
       Dungeon |   3307 |   2805 |    502 |    584 |   1708 |   4 |  826.8 |
               +--------+--------+--------+--------+--------+-----+--------+

Top non-repeatable levels by time:
     D:1: 1622 daAuts
     D:3: 735 daAuts
     D:2: 731 daAuts
     D:4: 218 daAuts
